 Dungeon Crawl Stone Soup version 0.30-a0-862-g1aabd4f9c5 (webtiles) character file.

Game seed: 8966056327972406688

80 cforsyth the Magician (level 4, -5/24 HPs)
             Began as a Deep Elf Earth Elementalist on Mar 10, 2023.
             Slain by a scorpion (6 damage)
             ... on level 3 of the Dungeon.
             The game lasted 00:02:11 (2049 turns).

cforsyth the Magician (Deep Elf Earth Elementalist) Turns: 2049, Time: 00:02:11

Health: -5/24      AC:  2    Str:  5    XL:     4   Next: 18%
Magic:  5/12       EV: 12    Int: 22    God:
Gold:   114        SH:  0    Dex: 15    Spells: 11/12 levels left

rFire   . . .      SeeInvis .    (no weapon)
rCold   . . .      Faith    .    (no shield)
rNeg    . . .      Spirit   .    a - +0 robe
rPois   .          Reflect  .    (no helmet)
rElec   .          Rampage  .    (no cloak)
rCorr   .                        (no gloves)
Will    .....                    (no boots)
Stlth   ++                       (no amulet)
HPRegen 0.24/turn                (no ring)
MPRegen 0.13/turn                (no ring)

@: lethally poisoned (-5 -> -17), very slightly contaminated
A: no striking features
a: no special abilities


You were on level 3 of the Dungeon.
You visited 1 branch of the dungeon, and saw 3 of its levels.

You collected 114 gold pieces.

Inventory:

Armour
 a - a +0 robe (worn)
Scrolls
 c - 2 scrolls of immolation {unknown}
 d - a scroll of enchant weapon {unknown}
 e - a scroll of magic mapping {unknown}
 g - 2 scrolls of poison {unknown}
 i - a scroll of fear {unknown}
 k - a scroll of amnesia {unknown}
Potions
 b - 2 potions of magic
 f - a potion of degeneration {unknown}
 h - a potion of curing {unknown}
 j - a potion of lignification {unknown}


   Skills:
 - Level 2.4 Dodging
 - Level 2.4 Stealth
 + Level 4.8 Spellcasting
 - Level 1.1 Transmutations
 + Level 4.5 Earth Magic


You had 11 spell levels left.
You knew the following spells:

 Your Spells              Type           Power      Damage    Failure   Level
a - Sandblast             Erth           50%        2d12      1%          1

Your spell library contained the following spells:

 Spells                   Type           Power      Damage    Failure   Level
 Passwall                 Tmut/Erth      14%        N/A       4%          2
 Stone Arrow              Conj/Erth      30%        3d8       12%         3
 Petrify                  Tmut/Erth      17%        N/A       32%         4


Dungeon Overview and Level Annotations

Branches:
Dungeon (3/15)

Altars:

Annotations:
D:2 1 runed translucent door, Crazy Yiuf


Message History

You start waiting.
Done waiting.
The blast of sand hits the bat.
You kill the bat!
Unknown command.
The blast of sand hits the scorpion.
The scorpion is lightly wounded.
The blast of sand hits the scorpion but does no damage.
The scorpion is lightly wounded.
The scorpion misses you.
You miscast Sandblast.
You are very lightly contaminated with residual magic.
Nothing appears to happen.
The scorpion closely misses you. The scorpion stings you.
The blast of sand hits the scorpion.
The scorpion is moderately wounded.
The scorpion misses you.
The blast of sand hits the scorpion.
The scorpion is heavily wounded.
The scorpion stings you.
You are poisoned.
The scorpion poisons you! The scorpion closely misses you.
The blast of sand hits the scorpion!
The scorpion is almost dead.
You feel very sick. The scorpion stings you.
You are lethally poisoned!
The scorpion poisons you! The scorpion stings you.
* * * LOW HITPOINT WARNING * * *
Casting: Sandblast (safe; 1% risk of failure)
Confirm with . or Enter, or press ? or * to list all spells.
Aiming: Sandblast (safe; 1% risk of failure)
Press: ? - help, Shift-Dir - straight line, f/p - scorpion
Aim: a scorpion (almost dead, 83% to hit)
The blast of sand hits the scorpion but does no damage.
The scorpion is almost dead.
* * * LOW HITPOINT WARNING * * *
You feel very sick. The scorpion stings you.
You die...

#....# #.# ##....###.###
#.......#...####
#.......###....#
........# ####.#
........# #.# ........###
#.# #)........# #.####
..........# #..@.#
..........# ####s# .
..........#######.###....
.)........##....$..P.s.P.
.####.....#.b.†..........
.# #.....#.....###:~....
.# #.....#..).. ~⌠⌠P.P .#
#.....#..... .⌠.P.~ .#
#.....#.... P.~P.


You could see a scorpion.

Vanquished Creatures
  Robin (D:2)
  2 adders (D:2)
  2 worms
  3 endoplasms (D:2)
  A giant cockroach (D:1)
  7 goblins (D:2)
  6 hobgoblins
  4 jackals (D:2)
  2 kobolds
  2 quokkas
  3 ball pythons
  4 bats
  3 frilled lizards
  A rat (D:2)
41 creatures vanquished.

Vanquished Creatures (others)
  A plant (D:3)
1 creature vanquished.

Grand Total: 42 creatures vanquished

Notes
Turn   | Place    | Note
-------+----------+-------------------------------------------
     0 | D:1      | cforsyth the Deep Elf Earth Elementalist began the quest
                  | for the Orb.
     0 | D:1      | Reached XP level 1. HP: 10/10 MP: 6/6
   495 | D:1      | Reached XP level 2. HP: 15/15 MP: 6/8
   883 | D:2      | Found a runed translucent door.
   884 | D:2      | Noticed Crazy Yiuf
  1057 | D:2      | Reached XP level 3. HP: 19/19 MP: 6/10
  1134 | D:2      | Noticed Robin
  1174 | D:2      | Killed Robin
  1488 | D:2      | Reached XP level 4. HP: 24/24 MP: 10/12
  1918 | D:3      | Noticed a scorpion
  2049 | D:3      | HP: 1/24 [poisoned by a scorpion]
  2049 | D:3      | Slain by a scorpion

Illustrated notes

Levels and vault maps discovered:
D:1:      tarquinn_simple_flora_water_d, layout_basic
D:2:      layout_basic, uniq_crazy_yiuf_cottage, uniq_robin
D:3:      layout_basic, shapermc_ecumenical_altar_mp_ritualfount

Skill      XL: |  1  2 |
---------------+-------+-----
Spellcasting   | 4 |  4.8
Earth Magic    | 4 |  4.5
Dodging        | |  2.4
Stealth        | |  2.4
Transmutations | |  1.1

Action                     |  1- 3 |  4- 6 || total
---------------------------+-------+-------++-------
  Melee: Unarmed           |     1 |       ||     1
   Cast: Sandblast         |    44 |    17 ||    61
 Armour: Robe              |     2 |       ||     2
  Dodge: Dodged            |     3 |     5 ||     8

Table legend: (Time is in decaauts)
 A = Elapsed time spent in this place.
 B = Non-inter-level travel time spent in this place.
 C = Inter-level travel time spent in this place.
 D = Time resting spent in this place.
 E = Time spent auto-exploring this place.
 F = Levels seen in this place.
 G = Mean time per level.
                   A        B        C        D        E       F      G
               +--------+--------+--------+--------+--------+-----+--------+
         Total |   2078 |   2048 |     30 |    100 |   1687 |   3 |  692.7 |
       Dungeon |   2078 |   2048 |     30 |    100 |   1687 |   3 |  692.7 |
               +--------+--------+--------+--------+--------+-----+--------+

Top non-repeatable levels by time:
     D:2: 915 daAuts
     D:1: 808 daAuts
     D:3: 354 daAuts
